 Dungeon Crawl Stone Soup version 0.28.0-47-ge53b351184 (webtiles) character file.

Game seed: 2598120438332983349

133 Bruhh the Cudgeller (level 5, -3/32 HPs)
             Began as a Gargoyle Fighter on Apr 28, 2022.
             Killed by divine providence
             ... invoked by an orc priest
              (12 damage)
             ... on level 4 of the Dungeon.
             The game lasted 00:03:03 (2654 turns).

Bruhh the Cudgeller (Gargoyle Fighter)              Turns: 2654, Time: 00:03:03

Health: -3/32      AC: 10    Str: 22    XL:     5   Next: 16%
Magic:  5/5        EV:  9    Int:  8    God:
Gold:   118        SH:  4    Dex:  9    Spells: 4/4 levels left

rFire   . . .      SeeInvis .   a - +0 flail
rCold   . . .      Faith    .   c - +0 buckler
rNeg    + . .      Spirit   .   b - +0 scale mail
rPois   ∞          Reflect  .   (no helmet)
rElec   +          Harm     .   (no cloak)
rCorr   .          Rampage  .   (no gloves)
Will    .....                   (no boots)
Stlth   ..........              (no amulet)
HPRegen 0.10/turn               (no ring)
MPRegen 0.09/turn               (no ring)

@: no status effects
A: sickness immunity, AC +4, negative energy resistance 1, electricity
resistance, torment resistance 1, petrification resistance
a: no special abilities


You were on level 4 of the Dungeon.
You visited 1 branch of the dungeon, and saw 4 of its levels.

You collected 118 gold pieces.

Inventory:

Hand Weapons
 a - a +0 flail (weapon)
Armour
 b - a +0 scale mail (worn)
 c - a +0 buckler (worn)
Jewellery
 n - a ring of fire
Scrolls
 e - a scroll of magic mapping {unknown}
 f - 3 scrolls of identify {unknown}
 g - a scroll of immolation {unknown}
 h - a scroll of holy word {unknown}
 i - a scroll of vulnerability {unknown}
 j - 3 scrolls of summoning {unknown}
 k - a scroll of silence {unknown}
 m - 3 scrolls of teleportation {unknown}
 o - a scroll of enchant armour {unknown}
Potions
 d - a potion of might
 l - 2 potions of mutation {unknown}
 p - a potion of magic {unknown}
 q - a potion of lignification {unknown}


   Skills:
 - Level 3.2 Fighting
 + Level 5.2 Maces & Flails
 - Level 3.2 Armour
 - Level 3.2 Shields


You had 4 spell levels left.
You didn't know any spells.
Your spell library was empty.

Dungeon Overview and Level Annotations

Branches:
Dungeon (4/15)
 Temple: D:4-7

Altars:

Shops:
D:3 *


Innate Abilities, Weirdness & Mutations

You are immune to sickness and miasma.
Your stone body is resilient. (AC +4)
You are immune to poison.
You resist negative energy. (rN+)
You are resistant to electric shocks. (rElec)
You are resistant to unholy torment.
You are immune to petrification.


Message History

You climb downwards.
You block the orc's attack.
There is a stone staircase leading up here.
An orc is nearby!
You barely miss the orc. The orc barely misses you.
You thump the orc!
You kill the orc!
An orc comes into view. It is wielding a +0 club.
An orc wizard comes into view. It is wielding a +0 dagger.
The orc shouts!
An orc comes into view. It is wielding a +0 morningstar.
Things that are here:
a +0 flail; a +0 chain mail
There are monsters nearby!
There are monsters nearby!
An orc comes into view. It is wielding a +0 hand axe.
The orc shouts!
You sock the orc!
You kill the orc!
You closely miss the orc. The orc barely misses you.
The orc wizard barely misses you.
You closely miss the orc wizard. The orc closely misses you.
The orc wizard hits you with a +0 dagger.
You thump the orc wizard!
The orc wizard is severely wounded.
The orc closely misses you.
You completely miss the orc wizard.
The orc wizard is severely wounded.
An adder comes into view.
The orc barely misses you.
The orc wizard gestures at you while chanting.
The puff of flame hits you! The orc hits you with a +0 hand axe.
You closely miss the orc wizard.
The orc wizard is severely wounded.
The adder hisses angrily.
The orc hits you with a +0 morningstar!
* * * LOW HITPOINT WARNING * * *
The orc wizard barely misses you. The orc barely misses you.
The orc priest mumbles some strange prayers to Beogh against you.
Beogh smites you!
You die...

..............
.............
........S... ..
#...........
..##...........
...............
.......oo......
...<...@o......
...............
.......).......
.......<(....o.
...............
...............
...............
...............
...............


You could see an orc priest, an orc wizard, an adder and 2 orcs.

Vanquished Creatures
  A bullfrog skeleton (D:3)
  An orc wizard (D:3)
  An adder (D:2)
  3 worms
  2 dart slugs
  4 orcs
  4 bats
  4 endoplasms
  8 giant cockroaches
  3 goblins
  4 hobgoblins
  3 quokkas
  7 ball pythons
  A kobold (D:1)
  2 rats (D:1)
48 creatures vanquished.

Notes
Turn   | Place    | Note
-------+----------+-------------------------------------------
     0 | D:1      | Bruhh the Gargoyle Fighter began the quest for the Orb.
     0 | D:1      | Reached XP level 1. HP: 14/14 MP: 1/1
     6 | D:1      | Noticed a wolf
     7 | D:1      | Noticed an iguana
     7 | D:1      | Noticed an eight-headed hydra
   136 | D:1      | Reached XP level 2. HP: 19/19 MP: 2/2
   464 | D:1      | Reached skill level 3 in Maces & Flails
   771 | D:1      | Found a faded altar of an unknown god.
  1080 | D:2      | Reached XP level 3. HP: 22/23 MP: 3/3
  1321 | D:2      | Reached skill level 4 in Maces & Flails
  1791 | D:3      | Reached XP level 4. HP: 4/28 MP: 4/4
  2330 | D:3      | Found Zixeadoa's General Store.
  2548 | D:3      | Reached skill level 5 in Maces & Flails
  2548 | D:3      | Reached XP level 5. HP: 22/32 MP: 5/5
  2654 | D:4      | Killed from afar by an orc priest

Illustrated notes

Levels and vault maps discovered:
D:1:      onia_arrival_zoo_common, layout_loops_ring,
          ebering_ecumenical_altar_hall, minmay_worlds_worst_comb
D:2:      layout_basic, minmay_misc_feat_diagonals, minmay_misc_feat_cross,
          kennysheep_cross_room
D:3:      layout_rooms, serial_shops, nicolae_shop_advertising_works
          [nicolae_subvault_shop_adworks]
D:4:      layout_layer_cave

Skill      XL: |  1  2  3  4 |
---------------+-------------+-----
Maces & Flails | 3 4 5 |  5.2
Fighting       | |  3.2
Armour         | |  3.2
Shields        | |  3.2

Action                   |  1- 3 |  4- 6 || total
-------------------------+-------+-------++-------
Melee: Flail             |   121 |    56 ||   177
Armor: Scale mail        |    76 |    25 ||   101
Dodge: Dodged            |    48 |    31 ||    79
Block: Buckler           |    22 |     7 ||    29
